 Dungeon Crawl Stone Soup version 0.21-a0-361-g4efd3f9 (webtiles) character file.

23 tidbits the Charmwright (level 2, 8/26 HPs)
             Began as a Gnoll Skald on Oct 13, 2017.
             Quit the game on level 2 of the Dungeon.
             The game lasted 00:02:16 (320 turns).

tidbits the Charmwright (Gnoll Skald)                Turns: 320, Time: 00:02:17

Health: 8/26       AC:  3    Str: 13    XL:     2   Next: 95%
Magic:  0/7        EV: 14    Int: 15    God:
Gold:   23         SH:  0    Dex: 14    Spells: 5/10 levels left

rFire    . . .     SeeInvis .   a - +0 hand axe
rCold    . . .     Gourm    .   (no shield)
rNeg     . . .     Faith    .   b - +0 leather armour
rPois    .         Spirit   .   (no helmet)
rElec    .         Reflect  .   (no cloak)
rCorr    .         Harm     .   (no gloves)
MR       .....                  (no boots)
Stlth    +.........             (no amulet)
HPRegen  0.08/turn              (no ring)
MPRegen  0.10/turn              (no ring)

@: lethally poisoned (8 -> -2), infused
A: distributed training, fangs 1, strong nose
a: no special abilities


You were on level 2 of the Dungeon.
You were not hungry.

You visited 1 branch of the dungeon, and saw 2 of its levels.

You collected 23 gold pieces.

Inventory:

Hand Weapons
 a - a +0 hand axe (weapon)
 l - a +0 hunting sling
 m - a +2 short sword of speed
   (You found it on level 1 of the Dungeon)
Missiles
 e - 15 sling bullets
 j - 19 arrows
 k - 17 stones (quivered)
Armour
 b - a +0 leather armour (worn)
Scrolls
 i - a scroll of fog {unknown}
Potions
 h - a potion of magic {unknown}
 n - a potion of haste {unknown}
 o - a potion of curing {unknown}
Books
 c - a book of Battle

   Spells                             Type                      Level
   a - Infusion                       Charms                       1
   b - Shroud of Golubria             Charms/Translocation         2
   c - Song of Slaying                Charms                       2
   d - Spectral Weapon                Hexes/Charms                 3
   e - Regeneration                   Charms/Necromancy            3
Comestibles
 d - a bread ration
 f - a meat ration


   Skills:
 + Level 4.5 Fighting
 + Level 0.5 Short Blades
 + Level 0.5 Long Blades
 + Level 4.5 Axes
 + Level 0.5 Maces & Flails
 + Level 0.5 Polearms
 + Level 0.5 Staves
 + Level 0.5 Slings
 + Level 0.5 Bows
 + Level 0.5 Crossbows
 + Level 0.5 Throwing
 + Level 2.5 Armour
 + Level 4.5 Dodging
 + Level 0.5 Stealth
 + Level 0.5 Shields
 + Level 0.5 Unarmed Combat
 + Level 4.9 Spellcasting
 + Level 0.4 Conjurations
 + Level 0.4 Hexes
 + Level 5.4 Charms
 + Level 0.4 Summonings
 + Level 0.4 Necromancy
 + Level 0.4 Translocations
 + Level 0.4 Transmutations
 + Level 0.4 Fire Magic
 + Level 0.4 Ice Magic
 + Level 0.4 Air Magic
 + Level 0.4 Earth Magic
 + Level 0.4 Poison Magic
 + Level 0.7 Invocations
 + Level 0.5 Evocations


You had 5 spell levels left.
You knew the following spells:

 Your Spells              Type           Power        Failure   Level  Hunger
g - Shroud of Golubria    Chrm/Tloc      ##........   10%         2    ##.....
i - Infusion              Chrm           ###.         2%          1    None
y - Song of Slaying       Chrm           ###.....     3%          2    ##.....


Dungeon Overview and Level Annotations

Branches:
Dungeon (2/15)

Altars:


Innate Abilities, Weirdness & Mutations

Your experience applies equally to all skills.
You have very sharp teeth.
Your uncanny sense of smell can sniff out nearby items.


Message History

The bat barely misses you.
Found a stone staircase leading down.
You slash the bat!
You kill the bat!
A goblin comes into view. It is wielding a club.
The goblin shouts!
Your magical infusion is running out.
You hit the goblin!
You kill the goblin!
You are no longer magically infusing your attacks.
A ball python and a rat come into view.
The ball python hisses angrily.
Found a yellow potion.
Casting: Infusion
Confirm with . or Enter, or press ? or * to list all spells.
You begin infusing your attacks with magical energy.
The ball python closely misses you. The ball python misses you.
You hit the ball python.
You kill the ball python!
You hit the rat.
You kill the rat!
No target in view!
No target in view!
o - a yellow potion
There is a stone staircase leading down here.
Your magical infusion is running out.
There is a stone staircase leading down here.
You climb downwards.
An adder and a worm come into view.
Found 4 gold pieces.
Found an escape hatch in the ceiling.
There is a stone staircase leading up here.
Casting: Infusion
Confirm with . or Enter, or press ? or * to list all spells.
You don't know that spell.
Okay, then.
A goblin comes into view. It is wielding a club.
You are no longer magically infusing your attacks.
The goblin shouts!
Found a stone staircase leading down.
Casting: Infusion
Confirm with . or Enter, or press ? or * to list all spells.
You begin infusing your attacks with magical energy.
The goblin unwields an uncursed club.
The goblin wields a hunting sling.
The goblin shoots a stone.
The stone misses you.
A giant cockroach comes into view.
The goblin shoots a stone.
The stone closely misses you.
An adder and a hobgoblin come into view.
Found a buckler.
An adder comes into view.
A worm comes into view.
The giant cockroach bites you but does no damage.
A leopard gecko comes into view.
The goblin shoots a stone.
The stone hits you!
You see here a stone.
The giant cockroach barely misses you.
There is a stone staircase leading down here.
You closely miss the giant cockroach.
The adder hisses angrily.
The giant cockroach closely misses you.
You barely miss the giant cockroach. The giant cockroach misses you.
You hit the giant cockroach.
The giant cockroach is severely wounded.
The giant cockroach bites you but does no damage.
The leopard gecko hisses angrily.
You hit the giant cockroach.
You kill the giant cockroach!
You barely miss the worm. You hit the adder. The adder bites you.
You are poisoned.
The adder poisons you! The worm bites you.
* * * LOW HITPOINT WARNING * * *
You closely miss the adder.
The adder is moderately wounded.
You hit the goblin!
You kill the goblin!
You hit the worm.
You feel sick.
Unknown command.
The hobgoblin shouts!
You hit the adder.
The adder is lightly wounded.
You barely miss the worm. You closely miss the leopard gecko.
You hit the adder.
You feel sick. The adder bites you.
* * * LOW HITPOINT WARNING * * *
The adder bites you but does no damage. The leopard gecko closely misses you.
The worm misses you. The adder closely misses you. The adder bites you.
* * * LOW HITPOINT WARNING * * *
You are lethally poisoned!
The adder poisons you!
It was a potion of heal wounds.
You feel much better.
The leopard gecko completely misses you.
The adder bites you. x2; The worm bites you.
Unknown command.
You closely miss the adder. Your bite misses the adder.
The adder is lightly wounded.
You closely miss the adder. You closely miss the leopard gecko.
You hit the worm but do no damage.
You feel sick. The leopard gecko bites you. The adder bites you.
* * * LOW HITPOINT WARNING * * *
The adder misses you. The leopard gecko bites you.
* * * LOW HITPOINT WARNING * * *
Are you sure you want to abandon this character and quit the game? (Confirm with "yes".)

l...............#
.................#
................# .
#...............#.. ∆
...g.............$S
#..................
##[###....<....#
##S#......(...##
#S@ww#....(...#
.......#l......#...#
########.......##.....
#.<.....# .#...
.........# .#....
.........# .. .#.
##.......# .........


You could see 2 worms, 2 adders, a leopard gecko and a hobgoblin.

Vanquished Creatures
  A ball python (D:1)
  6 bats (D:1)
  3 giant cockroaches
  3 goblins
  A hobgoblin (D:1)
  4 kobolds (D:1)
  2 rats (D:1)
20 creatures vanquished.

Notes
Turn   | Place    | Note
-------+----------+-------------------------------------------
     0 | D:1      | tidbits the Gnoll Skald began the quest for the Orb.
     0 | D:1      | Reached XP level 1. HP: 20/20 MP: 6/6
    62 | D:1      | Reached XP level 2. HP: 21/26 MP: 0/7
    66 | D:1      | Learned a level 2 spell: Song of Slaying
    69 | D:1      | Learned a level 2 spell: Shroud of Golubria
   320 | D:2      | Quit the game

Vault maps used:
D:1:      elethiomel_arrival_quiet
D:2:      nemelex_diamond_rough_becter

Action                   || total
-------------------------++-------
Melee: Hand axe          ||    42
       Bite              ||     2
 Cast: Infusion          ||     7
  Use: Potion            ||     1
Armor: Leather armour    ||    26
Dodge: Dodged            ||    53

Table legend:
 A = Spawn XP
 B = Non-spawn XP
 C = Spawn XP percentage of total XP
 D = Spawn monster count
 E = Non-spawn monster count
 F = Spawn count percentage of total count
 G = Total turns spent on level
                    A         B        C        D         E        F      G
               +---------+---------+-------+---------+---------+-------+---------
         Total |       0 |      33 |   0.0 |       0 |      20 |   0.0 |   320
               +---------+---------+-------+---------+---------+-------+---------
           D:1 |       0 |      29 |   0.0 |       0 |      18 |   0.0 |   297
           D:2 |       0 |       4 |   0.0 |       0 |       2 |   0.0 |    23
               +---------+---------+-------+---------+---------+-------+---------

Table legend:
 A = Turns spent in this place as a percentage of turns spent in the entire game.
 B = Non-inter-level travel turns spent in this place as a percentage of non-inter-level travel turns spent in the entire game.
 C = Inter-level travel turns spent in this place as a percentage of turns spent in this place.
 D = Turns resting spent in this place as a percentage of non-inter-level travel turns spent in this place.
 E = Turns spent auto-exploring this place as a percentage of non-inter-level travel turns spent in this place.
 F = Non-inter-level travel turns spent in this place divided by the number of levels of this place that you've seen.
                   A       B       C       D       E      F
               +-------+-------+-------+-------+-------+----------------------
         Total | 100.0 | 100.0 |   4.1 |   0.0 |   0.0 | 153.5
       Dungeon | 100.0 | 100.0 |   4.1 |   0.0 |   0.0 | 153.5
               +-------+-------+-------+-------+-------+----------------------

Table legend:
 A = Kills in this place as a percentage of kills in entire the game.
 B = Kills by you in this place as a percentage of kills by you in the entire game.
 C = Kills by friends in this place as a percentage of kills by friends in the entire game.
 D = Other kills in this place as a percentage of other kills in the entire game.
 E = Experience gained in this place as a percentage of experience gained in the entire game.
 F = Experience gained in this place divided by the number of levels of this place that you have seen.
                   A       B       C       D       E      F
               +-------+-------+-------+-------+-------+----------------------
         Total | 100.0 | 100.0 |   N/A |   N/A | 100.0 |  16.5
       Dungeon | 100.0 | 100.0 |   N/A |   N/A | 100.0 |  16.5
               +-------+-------+-------+-------+-------+----------------------

Vault maps used:
D:1:      elethiomel_arrival_quiet
D:2:      nemelex_diamond_rough_becter
